 Dungeon Crawl Stone Soup version 0.25-a0-290-g4a1327ee3a (webtiles) character file.

Game seed: 2048770633073962942, levelgen mode: deterministic

1759 mopl the Stinger (level 9, -25/79 HPs)
             Began as a Naga Venom Mage on Dec 14, 2019.
             Was an Elder of Cheibriados.
             Annihilated by an orc knight
             ... wielding a +0 halberd
              (37 damage)
             ... in a bailey.
             The game lasted 00:22:10 (6726 turns).

mopl the Stinger (Naga Venom Mage)                  Turns: 6726, Time: 00:22:11

Health: -25/79     AC: 11    Str: 20    XL:     9   Next: 6%
Magic:  2/16       EV:  8    Int: 28    God:    Cheibriados [****..]
Gold:   145        SH:  0    Dex: 20    Spells: 4/17 levels left

rFire    . . .     SeeInvis +   a - +0 war axe
rCold    + . .     Gourm    .   (no shield)
rNeg     . . .     Faith    .   E - +0 robe
rPois    +         Spirit   .   j - +2 helmet
rElec    .         Reflect  .   (no cloak)
rCorr    .         Harm     .   (no gloves)
MR       +....                  J - +0 naga barding
Stlth    +++.......             (no amulet)
HPRegen  0.23/turn              o - ring of protection from cold
MPRegen  0.15/turn              (no ring)

@: very slightly contaminated, invisible, very slow
A: large, see invisible, deformed body, poison resistance, slowness 2, slow
metabolism 1, spit poison 1, AC +3
a: Spit Poison, Bend Time, Temporal Distortion, Slouch, Renounce Religion


You were in a bailey.
You worshipped Cheibriados.
Cheibriados was greatly pleased with you.
You were not hungry.

You visited 2 branches of the dungeon, and saw 8 of its levels.
You also visited: Bailey.

You collected 383 gold pieces.
You spent 238 gold pieces at shops.

Inventory:

Hand Weapons
 a - a +0 war axe (weapon)
 y - a +0 flail of holy wrath
 G - a +2 dagger of venom
 O - a +4 trident
Missiles
 h - 12 boomerangs (quivered)
 i - 3 atropa-tipped darts
 z - 12 poisoned darts
 K - 5 javelins
Armour
 j - a +2 helmet (worn)
 n - a cursed +0 ring mail
 C - a +0 large shield
 E - a +0 robe (worn)
 I - a +2 robe of magic resistance
 J - a +0 naga barding (worn)
Jewellery
 o - a ring of protection from cold (left hand)
Wands
 u - a wand of polymorph (5)
Scrolls
 b - a scroll of blinking {unknown}
 f - 2 scrolls of amnesia {unknown}
 g - 4 scrolls of teleportation
 l - a scroll of fog {unknown}
 m - a scroll of fear {unknown}
 p - 3 scrolls of immolation
 t - 3 scrolls of remove curse
 v - a scroll of enchant weapon {unknown}
 w - 4 scrolls of magic mapping {unknown}
 B - 2 scrolls of enchant armour {unknown}
 M - a scroll of torment {unknown}
Potions
 d - a potion of brilliance
 e - 2 potions of berserk rage {!q}
 k - a potion of ambrosia
 q - 4 potions of might
 r - a potion of magic
 s - 2 potions of mutation {!q}
 x - a potion of lignification {unknown}
 A - 5 potions of curing
 D - a potion of invisibility
 F - 3 potions of heal wounds
 H - a potion of resistance {unknown}
 N - a potion of experience {unknown}
Comestibles
 c - 10 rations
 L - 4 chunks of flesh


   Skills:
 + Level 4.5 Fighting
 * Level 4.6 Axes
 - Level 1.5 Dodging
 - Level 3.0 Stealth
 + Level 4.9 Spellcasting
 - Level 2.0 Conjurations
 - Level 2.0 Transmutations
 - Level 2.1 Fire Magic
 - Level 2.0 Air Magic
 + Level 7.7 Poison Magic
 + Level 3.3 Invocations


You had 4 spell levels left.
You knew the following spells:

 Your Spells              Type           Power        Failure   Level  Hunger
a - Sting                 Tmut/Pois      ####         1%          1    None
b - Poisonous Vapours     Pois/Air       ####..       1%          2    None
d - Mephitic Cloud        Conj/Pois/Air  ####....     4%          3    #......
g - Ignite Poison         Fire/Tmut/Pois ####....     4%          3    #......
o - Olgreb's Toxic Radia  Pois           ######..     2%          4    ###....

Your spell library contained the following spells:

 Spells                   Type           Power        Failure   Level  Hunger


Dungeon Overview and Level Annotations

Branches:
Dungeon (7/15)             Temple (1/1) D:5          Bailey (1/1)

Altars:
Ashenzari
Cheibriados
Dithmenos
Fedhas
Gozag
Hepliaklqana
Kikubaaqudgha
Makhleb
Okawaru
Qazlal
Ru
Sif Muna
Trog
Uskayaw
Vehumet
Wu Jian
Xom
Yredelemnul
Zin
The Shining One

Shops:
D:6 **?=(


Innate Abilities, Weirdness & Mutations

You cannot wear boots.
Your serpentine skin is tough. (AC +3)
You have supernaturally acute eyesight. (SInv)
Armour fits poorly on your strangely shaped body.
Your system is resistant to poisons. (rPois)
You cover ground very slowly.
You have a slow metabolism.
You can spit poison.


Message History

The orc knight hits you from afar with a +0 trident!!
Unknown command.
As you read the scroll labeled LUIZAS YMAO, it crumbles to dust.
You feel as if something is helping you.
It was a scroll of remove curse.
The orc knight looks as sick as possible! x2
The orc warrior looks even sicker.
Your toxic aura wanes.
The orc knight hits you from afar with a +0 trident!
The orc knight closely misses you.
The orc knight hits you from afar with a +0 halberd.
* * * LOW HITPOINT WARNING * * *
The orc warrior hits you from afar with a +0 trident!!
* * * LOW HITPOINT WARNING * * *
You feel much better.
The orc knight hits you from afar with a +0 trident!!
* * * LOW HITPOINT WARNING * * *
The orc knight barely misses you.
The orc knight hits you from afar with a +0 halberd!!!
You die... #...))).# #).))...# #.......# #.......# #.....# ##o''## #oooo.#

#.....#
#.@...#
#.....#
#.....#
##'''##
##.....##
#...[[..#
#.......#
#..)[[..#
#.....))#


You could see 4 orc knights and an orc warrior.

Vanquished Creatures
  A hippogriff (D:3)
  Sigmund (D:6)
  A sky beast (D:5)
  An orc warrior (D:6)
  An ogre (D:6)
  2 centaurs (D:6)
  A big kobold (D:6)
  2 bullfrogs
  2 scorpions
  A howler monkey (D:6)
  2 jellies (D:5)
  A hound (D:5)
  5 orc priests
  3 orc wizards
  3 worker ants
  A worker ant zombie (D:5)
  A howler monkey zombie (D:5)
  12 adders
  An ooze (D:1)
  2 adder skeletons
  2 worms
  3 dart slugs
  5 leopard geckos
  52 orcs
  8 giant cockroaches
  12 goblins
  11 hobgoblins
  13 jackals
  10 kobolds
  2 quokkas
  7 bats
  8 frilled lizards
  2 leopard gecko zombies
  8 rats
187 creatures vanquished.

Vanquished Creatures (others)
  A phantom (D:6)
  An orc priest (D:6)
2 creatures vanquished.

Grand Total: 189 creatures vanquished

Notes
Turn   | Place    | Note
-------+----------+-------------------------------------------
     0 | D:1      | mopl the Naga Venom Mage began the quest for the Orb.
     0 | D:1      | Reached XP level 1. HP: 15/15 MP: 3/3
   173 | D:1      | Reached XP level 2. HP: 22/22 MP: 3/5
   358 | D:1      | Learned a level 2 spell: Poisonous Vapours
   414 | D:1      | Reached XP level 3. HP: 28/28 MP: 4/6
   753 | D:1      | Learned a level 3 spell: Ignite Poison
   965 | D:2      | Reached XP level 4. HP: 33/37 MP: 2/8
  1259 | D:2      | Reached skill level 1 in Fighting
  1383 | D:2      | Reached skill level 5 in Poison Magic
  1577 | D:2      | Reached skill level 1 in Fire Magic
  1581 | D:2      | Found a sacrificial altar of Ru.
  1583 | D:2      | Found a bloodstained altar of Trog.
  1592 | D:2      | Found a basalt altar of Yredelemnul.
  1592 | D:2      | Found a shimmering blue altar of Sif Muna.
  1594 | D:2      | Found a shattered altar of Ashenzari.
  1887 | D:3      | Reached skill level 2 in Transmutations
  1887 | D:3      | Reached skill level 1 in Air Magic
  2008 | D:3      | Reached XP level 5. HP: 44/44 MP: 2/9
  2019 | D:3      | Learned a level 3 spell: Mephitic Cloud
  2277 | D:3      | Noticed a hippogriff
  2655 | D:3      | Killed a hippogriff
  2655 | D:3      | Reached skill level 2 in Fighting
  2655 | D:3      | Reached skill level 3 in Spellcasting
  2655 | D:3      | Reached skill level 2 in Fire Magic
  2655 | D:3      | Reached skill level 2 in Air Magic
  2655 | D:3      | Reached XP level 6. HP: 43/52 MP: 1/11
  3135 | D:4      | You fall into a shaft and drop 1 floor!
  3135 | D:5      | Entered Level 5 of the Dungeon
  3588 | D:5      | Found a shimmering altar of Xom.
  3635 | D:5      | Reached skill level 1 in Conjurations
  3739 | D:5      | Reached skill level 6 in Poison Magic
  3739 | D:5      | Reached XP level 7. HP: 51/61 MP: 5/12
  3795 | D:5      | Learned a level 4 spell: Olgreb's Toxic Radiance
  3829 | D:5      | Found a staircase to the Ecumenical Temple.
  3847 | D:5      | Reached skill level 3 in Fighting
  3863 | Temple   | Entered the Ecumenical Temple
  3933 | Temple   | Became a worshipper of Cheibriados the Contemplative
  4082 | D:4      | Reached skill level 1 in Axes
  4226 | D:4      | Noticed a +0 hand axe
  4227 | D:4      | Found a hide-covered altar of Uskayaw.
  4227 | D:4      | Noticed a +0 hand axe
  4445 | D:4      | Reached skill level 4 in Spellcasting
  4473 | D:4      | Reached skill level 2 in Conjurations
  4745 | D:5      | Reached skill level 1 in Invocations
  4749 | D:5      | Reached * piety under Cheibriados
  4755 | D:5      | Reached skill level 2 in Axes
  4755 | D:5      | Reached XP level 8. HP: 38/69 MP: 7/14
  5271 | D:6      | Found Lizy's General Store.
  5285 | D:6      | Found Nimughui's Assorted Antiques.
  5302 | D:6      | Bought a scroll labeled WAX NUGUDAQIPTENK for 27 gold
                  | pieces
  5302 | D:6      | Bought a yellow potion for 24 gold pieces
  5302 | D:6      | Bought an emerald potion for 24 gold pieces
  5302 | D:6      | Bought a smoky ruby potion for 24 gold pieces
  5306 | D:6      | Bought a potion of curing for 42 gold pieces
  5344 | D:6      | Reached skill level 2 in Invocations
  5354 | D:6      | Reached skill level 3 in Axes
  5357 | D:6      | Reached ** piety under Cheibriados
  5357 | D:6      | Reached skill level 7 in Poison Magic
  5362 | D:6      | HP: 3/72 [big kobold/+0 short sword (9)]
  5693 | D:6      | Found Simaaqul's Weapon Emporium.
  5736 | D:6      | Bought a scroll of identify for 28 gold pieces
  5736 | D:6      | Bought a scroll of immolation for 49 gold pieces
  5756 | D:6      | Reached skill level 4 in Fighting
  5760 | D:6      | Noticed Sigmund
  5765 | D:6      | Killed Sigmund
  5861 | D:6      | Found a shimmering altar of Xom.
  5869 | D:6      | Found a radiant altar of Vehumet.
  6070 | D:6      | Reached skill level 4 in Axes
  6070 | D:6      | Reached skill level 3 in Invocations
  6097 | D:6      | Found Guicsata's Jewellery Emporium.
  6288 | D:6      | Found a shadowy altar of Dithmenos.
  6288 | D:6      | Found an ancient bone altar of Kikubaaqudgha.
  6328 | D:6      | Found Odepeole's Magic Scroll Shop.
  6352 | D:6      | Bought a scroll of identify for 20 gold pieces
  6552 | D:7      | Reached XP level 9. HP: 60/79 MP: 10/16
  6613 | D:7      | Found a flagged portal.
  6624 | Bailey   | Entered a bailey
  6629 | Bailey   | Reached *** piety under Cheibriados
  6717 | Bailey   | Noticed an orc knight
  6717 | Bailey   | Noticed an orc knight
  6718 | Bailey   | Noticed an orc knight
  6718 | Bailey   | Noticed an orc knight
  6719 | Bailey   | Reached **** piety under Cheibriados
  6725 | Bailey   | HP: 2/79 [orc warrior/+0 trident (18)]
  6726 | Bailey   | Annihilated by an orc knight

Levels and vault maps discovered:
D:1:      sevenhm_arrival_forest_fort_small_6, layout_loops_ring,
          minmay_misc_feat_alley, st_stairs_1, minmay_misc_feat_chi, hex_medium,
          minmay_misc_feat_doors
D:2:      layout_basic, minitemple, moated_statue
D:3:      layout_basic
D:4:      layout_cave_pods, dancing_weapons_uskayaw
D:5:      layout_loops_corners, lemuel_round_altar,
          minmay_temple_entry_proselytizer, first_ration
D:6:      layout_basic, gammafunk_temple_overflow_elements, fiery_altar_vehumet,
          basic_altar, serial_shops, nicolae_shop_trees, nicolae_shop_stone,
          shop, shop_fountains, nicolae_shop_temple_entry_statues_fountains,
          uniq_sigmund
D:7:      layout_basic, enter_bailey_2
Temple:   eino_temple_lava
Bailey:   bailey_polearm_5, bailey

Skill      XL: |  1  2  3  4  5  6  7  8 |
---------------+-------------------------+-----
Fighting       | 1 2 3 4 |  4.5
Poison Magic   | 5 6 7 |  7.7
Fire Magic     | 1 2 |  2.1
Transmutations | 2 |  2.0
Air Magic      | 1 2 |  2.0
Spellcasting   | 3 4 |  4.9
Conjurations   | 1 2 |  2.0
Axes           | 2 4 |  4.6
Invocations    | 1 3 |  3.3
Dodging        | |  1.5
Stealth        | |  3.0

Action                   |  1- 3 |  4- 6 |  7- 9 || total
-------------------------+-------+-------+-------++-------
Melee: Unarmed           |    14 |    44 |       ||    58
       Flail             |       |     6 |     9 ||    15
       War axe           |       |       |   123 ||   123
Throw: Boomerang         |       |     3 |     2 ||     5
 Cast: Sting             |    23 |    55 |    14 ||    92
       Poisonous Vapours |     6 |    15 |    25 ||    46
       Mephitic Cloud    |       |     5 |     2 ||     7
       Ignite Poison     |       |     1 |     2 ||     3
       Olgreb's Toxic Ra |       |       |    14 ||    14
 Abil: Spit Poison       |    13 |    17 |     8 ||    38
  Use: Scroll            |       |     4 |     6 ||    10
       Potion            |       |       |     3 ||     3
 Stab: Confused          |       |     1 |       ||     1
       Sleeping          |       |       |     3 ||     3
  Eat: Chunk             |     1 |    10 |    10 ||    21
Armor: Robe              |    14 |    52 |    73 ||   139
Dodge: Dodged            |    14 |    57 |   105 ||   176

Table legend:
 A = Non-vault XP
 B = Vault XP
 C = Vault XP percentage of total XP
 D = Non-vault monster count
 E = Vault monster count
 F = Vault count percentage of total count
                 A         B        C        D         E       F
            +---------+---------+-------+---------+---------+-------
      Total |    2182 |     331 |  13.2 |     152 |      35 |  18.7
            +---------+---------+-------+---------+---------+-------
        D:1 |      47 |       2 |   4.1 |      24 |       2 |   7.7
        D:2 |      94 |       0 |   0.0 |      26 |       0 |   0.0
        D:3 |     329 |       0 |   0.0 |      22 |       0 |   0.0
        D:4 |     164 |       0 |   0.0 |      16 |       0 |   0.0
        D:5 |     639 |      43 |   6.3 |      24 |       1 |   4.0
        D:6 |     795 |     193 |  19.5 |      34 |       1 |   2.9
        D:7 |     114 |       0 |   0.0 |       6 |       0 |   0.0
     Bailey |       0 |      93 | 100.0 |       0 |      31 | 100.0
            +---------+---------+-------+---------+---------+-------
